3L
PHILADELPHIA 1776 BC @ MONTANA PANDAS
07/11/2024
 
TOP OF THE 1ST
Philadelphia 1776 BC batting - Pitching for Montana Pandas : LHP Tim Harris
Pitching: LHP Tim Harris
Batting: RHB Jesús Orozco 0-0: Called Strike
0-1: Ball
1-1: Swinging Strike
1-2: Strikes out swinging
Batting: LHB Héctor Torres 0-0: Ball
1-0: Called Strike
1-1: Ground out 4-3 (Groundball, 4)
Batting: LHB Cliff Aldridge 0-0: Called Strike
0-1: Ball
1-1: Ball
2-1: Ball
3-1: Foul Ball, location: 2F
3-2: Foul Ball, location: 2F
3-2: Fly out, F7 (Line Drive, 78S)
Top of the 1st over - 0 run(s), 0 hit(s), 0 error(s), 0 left on base; Philadelphia 1776 0 - Montana 0
BOTTOM OF THE 1ST
Montana Pandas batting - Pitching for Philadelphia 1776 BC : LHP Carlos Sánchez
Pitching: LHP Carlos Sánchez
Batting: RHB Jonathan Widdop 0-0: Called Strike
0-1: SOLO HOME RUN (Line Drive, 8RXD), Distance : 436 ft
Batting: RHB Ted Cook 0-0: Swinging Strike
0-1: Ball
1-1: Swinging Strike
1-2: SOLO HOME RUN (Flyball, 7D), Distance : 371 ft
Batting: LHB Luis Velázquez 0-0: Called Strike
0-1: Ball
1-1: Called Strike
1-2: Fly out, F7 (Flyball, 7D)
Batting: RHB Brent Ryan 0-0: Ball
1-0: Called Strike
1-1: Called Strike
1-2: Ball
2-2: Ground out 1-3 (Groundball, 23)
Batting: LHB Christian Blair 0-0: Swinging Strike
0-1: Ground out 5-3 (Groundball, 5S)
Bottom of the 1st over - 2 run(s), 2 hit(s), 0 error(s), 0 left on base; Philadelphia 1776 0 - Montana 2
TOP OF THE 2ND
Philadelphia 1776 BC batting - Pitching for Montana Pandas : LHP Tim Harris
Batting: RHB Patrizio Vanali 0-0: Ball
1-0: Called Strike
1-1: Ball
2-1: Swinging Strike
2-2: Ball
3-2: Strikes out swinging
Batting: RHB Jesús Rodríguez 0-0: Called Strike
0-1: Foul Ball, location: 2F
0-2: Ball
1-2: Ball
2-2: SOLO HOME RUN (Line Drive, 7LD), Distance : 334 ft
Batting: RHB António Granados 0-0: Ball
1-0: Called Strike
1-1: SOLO HOME RUN (Flyball, 7D), Distance : 365 ft
Batting: RHB Russell Jackson 0-0: Ball
1-0: Foul Ball, location: 2F
1-1: Ball
2-1: Foul Ball, location: 2F
2-2: Ball
3-2: Ground out 6-3 (Groundball, 6M)
Batting: SHB Jesús Cabañe 0-0: Ball
1-0: Ball
2-0: Ball
3-0: Base on Balls
Batting: RHB Dave Morris 0-0: DOUBLE (Line Drive, 5L)
Jesús Cabañe to third
Batting: RHB Jesús Orozco 0-0: Ball
Wild Pitch!
Jesús Cabañe scores
Dave Morris to third
1-0: TRIPLE (Flyball, 9D)
Dave Morris scores
Batting: LHB Héctor Torres 0-0: Called Strike
0-1: Foul Ball, location: 2F
0-2: Foul Ball, location: 2F
0-2: Ball
1-2: Ball
2-2: Foul Ball, location: 2F
2-2: Foul Ball, location: 2F
2-2: Strikes out swinging
Top of the 2nd over - 4 run(s), 4 hit(s), 0 error(s), 1 left on base; Philadelphia 1776 4 - Montana 2
BOTTOM OF THE 2ND
Montana Pandas batting - Pitching for Philadelphia 1776 BC : LHP Carlos Sánchez
Batting: LHB Mike Pace 0-0: Ground out U3 (Groundball, 3)
Batting: RHB Dani Trejo 0-0: Foul Ball, location: 2F
0-1: Ball
1-1: Ball
2-1: DOUBLE (Flyball, 89XD)
Batting: RHB Manny Freitas 0-0: Ball
1-0: Called Strike
1-1: Ball
2-1: Fly out, F9 (Flyball, 89M)
Batting: RHB Emílio Ortíz 0-0: Ball
1-0: Foul Ball, location: 2F
1-1: Ball
2-1: Ball
3-1: Base on Balls
Batting: RHB Jonathan Widdop 0-0: Ball
1-0: Fly out, F9 (Flyball, 9M)
Bottom of the 2nd over - 0 run(s), 1 hit(s), 0 error(s), 2 left on base; Philadelphia 1776 4 - Montana 2
TOP OF THE 3RD
Philadelphia 1776 BC batting - Pitching for Montana Pandas : LHP Tim Harris
Batting: LHB Cliff Aldridge 0-0: Called Strike
0-1: Ball
1-1: Foul Ball, location: 2F
1-2: Ball
2-2: Ball
3-2: Fly out, F8 (Flyball, 8LXD)
Batting: RHB Patrizio Vanali 0-0: Ball
1-0: Ball
2-0: Called Strike
2-1: Foul Ball, location: 2F
2-2: Ball
3-2: Ground out 5-3 (Groundball, 5)
Batting: RHB Jesús Rodríguez 0-0: Ball
1-0: SINGLE (Groundball, 56D)
Batting: RHB António Granados 0-0: Ball
1-0: Ball
2-0: Ball
3-0: Base on Balls
Jesús Rodríguez to second
Batting: RHB Russell Jackson 0-0: Called Strike
0-1: Ball
1-1: Ball
2-1: Called Strike
2-2: Ball
3-2: Foul Ball, location: 2F
3-2: Strikes out swinging
Top of the 3rd over - 0 run(s), 1 hit(s), 0 error(s), 2 left on base; Philadelphia 1776 4 - Montana 2
BOTTOM OF THE 3RD
Montana Pandas batting - Pitching for Philadelphia 1776 BC : LHP Carlos Sánchez
Batting: RHB Ted Cook 0-0: Called Strike
0-1: Ball
1-1: Ball
2-1: Ground out 2-3 (Groundball, 23)
Batting: LHB Luis Velázquez 0-0: Ball
1-0: SINGLE (Line Drive, 56D)
Batting: RHB Brent Ryan 0-0: Ball
1-0: Ball
2-0: Called Strike
2-1: Foul Ball, location: 2F
2-2: Fly out, F7 (Flyball, 78D)
Batting: LHB Christian Blair 0-0: Called Strike
0-1: Ball
1-1: Ground out 3-1 (Groundball, 3)
Bottom of the 3rd over - 0 run(s), 1 hit(s), 0 error(s), 1 left on base; Philadelphia 1776 4 - Montana 2
TOP OF THE 4TH
Philadelphia 1776 BC batting - Pitching for Montana Pandas : LHP Tim Harris
Pitching: RHP Carlos Guzmán
Batting: SHB Jesús Cabañe 0-0: Ball
1-0: SINGLE (Groundball, 4MD)
Batting: RHB Dave Morris 0-0: Ball
1-0: Fly out, F7 (Line Drive, 78M)
Batting: RHB Jesús Orozco 0-0: Ball
Jesús Cabañe is caught stealing 2nd base
1-0: Ball
2-0: Ball
3-0: Called Strike
3-1: Called Strike
3-2: Base on Balls
Batting: LHB Héctor Torres 0-0: Called Strike
0-1: Ball
1-1: Ball
2-1: Ground out 4-3 (Groundball, 34)
Top of the 4th over - 0 run(s), 1 hit(s), 0 error(s), 1 left on base; Philadelphia 1776 4 - Montana 2
BOTTOM OF THE 4TH
Montana Pandas batting - Pitching for Philadelphia 1776 BC : LHP Carlos Sánchez
Batting: LHB Mike Pace 0-0: Foul Ball, location: 2F
0-1: Ground out 1-3 (Groundball, 15)
Batting: RHB Dani Trejo 0-0: Ball
1-0: Ball
2-0: Ball
3-0: Called Strike
3-1: Called Strike
3-2: Strikes out looking
Batting: RHB Manny Freitas 0-0: Called Strike
0-1: Ball
1-1: Foul Ball, location: 2F
1-2: Ball
2-2: Foul Ball, location: 2F
2-2: Ball
3-2: Base on Balls
Batting: RHB Emílio Ortíz 0-0: Ball
1-0: Fly out, F9 (Flyball, 9M)
Bottom of the 4th over - 0 run(s), 0 hit(s), 0 error(s), 1 left on base; Philadelphia 1776 4 - Montana 2
TOP OF THE 5TH
Philadelphia 1776 BC batting - Pitching for Montana Pandas : RHP Carlos Guzmán
Batting: LHB Cliff Aldridge 0-0: Ball
1-0: Ball
2-0: Foul Ball, location: 2F
2-1: Ball
3-1: Called Strike
3-2: Foul Ball, location: 2F
3-2: Fly out, F7 (Flyball, 7D)
Batting: RHB Patrizio Vanali 0-0: Ball
1-0: Hit by Pitch
Batting: RHB Jesús Rodríguez 0-0: Ball
Patrizio Vanali is caught stealing 2nd base
1-0: Foul Ball, location: 2F
1-1: Called Strike
1-2: Ball
2-2: Ball
3-2: Reached on error, E5 (Groundball, 56)
Batting: RHB António Granados 0-0: Ball
1-0: Called Strike
1-1: Foul Ball, location: 2F
1-2: Ground out U3 (Groundball, 3)
Top of the 5th over - 0 run(s), 0 hit(s), 1 error(s), 1 left on base; Philadelphia 1776 4 - Montana 2
BOTTOM OF THE 5TH
Montana Pandas batting - Pitching for Philadelphia 1776 BC : LHP Carlos Sánchez
Batting: RHB Jonathan Widdop 0-0: Foul Ball, location: 2F
0-1: Ball
1-1: Called Strike
1-2: Ball
2-2: Foul Ball, location: 2F
2-2: Foul Ball, location: 2F
2-2: Fly out, F7 (Flyball, 7S)
Batting: RHB Ted Cook 0-0: Ground out 1-3 (Groundball, 15)
Batting: LHB Luis Velázquez 0-0: Swinging Strike
0-1: Foul Ball, location: 2F
0-2: Strikes out looking
Bottom of the 5th over - 0 run(s), 0 hit(s), 0 error(s), 0 left on base; Philadelphia 1776 4 - Montana 2
TOP OF THE 6TH
Philadelphia 1776 BC batting - Pitching for Montana Pandas : RHP Carlos Guzmán
Batting: RHB Russell Jackson 0-0: Swinging Strike
0-1: Ball
1-1: Fly out, F7 (Line Drive, 78M)
Batting: SHB Jesús Cabañe 0-0: Ball
1-0: Ball
2-0: Ball
3-0: Base on Balls
Batting: RHB Dave Morris 0-0: Ball
Jesús Cabañe steals 2nd base
1-0: Called Strike
1-1: Ball
2-1: Ball
3-1: Called Strike
3-2: Fly out, F7 (Flyball, 7S)
Batting: RHB Jesús Orozco 0-0: Ball
1-0: Ball
2-0: Called Strike
2-1: Foul Ball, location: 2F
2-2: Foul Ball, location: 2F
2-2: Ball
3-2: Foul Ball, location: 2F
3-2: Base on Balls
Pitching: LHP Tomás Galván
Batting: LHB Héctor Torres 0-0: Ball
1-0: Called Strike
1-1: Foul Ball, location: 2F
1-2: Fly out, F4 (Popup, 34S)
Top of the 6th over - 0 run(s), 0 hit(s), 0 error(s), 2 left on base; Philadelphia 1776 4 - Montana 2
BOTTOM OF THE 6TH
Montana Pandas batting - Pitching for Philadelphia 1776 BC : LHP Carlos Sánchez
Batting: RHB Brent Ryan 0-0: Ball
1-0: Ball
2-0: Ball
3-0: Called Strike
3-1: Base on Balls
Batting: LHB Christian Blair 0-0: Reached on error, E3 (Groundball, 34)
Brent Ryan to second
Batting: LHB Mike Pace 0-0: Ball
1-0: Ball
2-0: Ball
3-0: Called Strike
3-1: Called Strike
3-2: Ground out 5-3 (Groundball, 56S)
Brent Ryan to third
Christian Blair to second
Batting: RHB Dani Trejo 0-0: Called Strike
0-1: Foul Ball, location: 2F
0-2: Ball
1-2: Fly out, F7 (Flyball, 78D)
Runner from 3rd tags up, SCORES, no throw
Batting: RHB Manny Freitas 0-0: Called Strike
0-1: Ball
1-1: Ball
2-1: Ground out 5-3 (Groundball, 56)
Bottom of the 6th over - 1 run(s), 0 hit(s), 1 error(s), 1 left on base; Philadelphia 1776 4 - Montana 3
TOP OF THE 7TH
Philadelphia 1776 BC batting - Pitching for Montana Pandas : LHP Tomás Galván
Pitching: LHP Billy Black
Batting: LHB Cliff Aldridge 0-0: Called Strike
0-1: Foul Ball, location: 2F
0-2: Foul Ball, location: 2F
0-2: Ball
1-2: Ball
2-2: Ground out 4-3 (Groundball, 34)
Batting: RHB Patrizio Vanali 0-0: Called Strike
0-1: Ball
1-1: Swinging Strike
1-2: Strikes out swinging
Batting: RHB Jesús Rodríguez 0-0: SINGLE (Flyball, 8RS)
Batting: RHB António Granados 0-0: Ball
1-0: Called Strike
1-1: Ground out 6-3 (Groundball, 6)
Top of the 7th over - 0 run(s), 1 hit(s), 0 error(s), 1 left on base; Philadelphia 1776 4 - Montana 3
BOTTOM OF THE 7TH
Montana Pandas batting - Pitching for Philadelphia 1776 BC : LHP Carlos Sánchez
Batting: RHB Emílio Ortíz 0-0: Called Strike
0-1: Ball
1-1: Ball
2-1: Fly out, F7 (Line Drive, 7S)
Batting: RHB Jonathan Widdop 0-0: Called Strike
0-1: Ball
1-1: Swinging Strike
1-2: Strikes out swinging
Batting: RHB Ted Cook 0-0: Called Strike
0-1: Ball
1-1: Ball
2-1: Foul Ball, location: 2F
2-2: Ball
3-2: Foul Ball, location: 2F
3-2: Foul Ball, location: 2F
3-2: Strikes out looking
Bottom of the 7th over - 0 run(s), 0 hit(s), 0 error(s), 0 left on base; Philadelphia 1776 4 - Montana 3
TOP OF THE 8TH
Philadelphia 1776 BC batting - Pitching for Montana Pandas : LHP Billy Black
Batting: RHB Russell Jackson 0-0: Ball
1-0: Foul Ball, location: 2F
1-1: Swinging Strike
1-2: Ball
2-2: Foul Ball, location: 2F
2-2: Ball
3-2: SINGLE (Line Drive, 8RS)
Batting: SHB Jesús Cabañe 0-0: Ball
1-0: Ball
2-0: Called Strike
2-1: Grounds into double play, 6-4-3 (Groundball, 6)
Batting: RHB Dave Morris 0-0: Called Strike
0-1: DOUBLE (Line Drive, 89M)
Batting: RHB Jesús Orozco 0-0: Ball
1-0: Called Strike
1-1: Ground out 4-3 (Groundball, 34)
Top of the 8th over - 0 run(s), 2 hit(s), 0 error(s), 1 left on base; Philadelphia 1776 4 - Montana 3
BOTTOM OF THE 8TH
Montana Pandas batting - Pitching for Philadelphia 1776 BC : LHP Carlos Sánchez
Batting: LHB Luis Velázquez 0-0: Fly out, F8 (Flyball, 8RD)
Batting: RHB Brent Ryan 0-0: Ground out 6-3 (Groundball, 6)
Batting: LHB Christian Blair 0-0: SOLO HOME RUN (Flyball, 8RXD), Distance : 434 ft
Batting: LHB Mike Pace 0-0: Foul Ball, location: 2F
0-1: Ball
1-1: Called Strike
1-2: Fly out, F9 (Flyball, 9LM)
Bottom of the 8th over - 1 run(s), 1 hit(s), 0 error(s), 0 left on base; Philadelphia 1776 4 - Montana 4
TOP OF THE 9TH
Philadelphia 1776 BC batting - Pitching for Montana Pandas : LHP Billy Black
Pitching: RHP Yosuke Takahashi
Batting: LHB Héctor Torres 0-0: Called Strike
0-1: Swinging Strike
0-2: Foul Ball, location: 2F
0-2: Ball
1-2: Foul Ball, location: 2F
1-2: Strikes out swinging
Batting: LHB Cliff Aldridge 0-0: Ball
1-0: Ball
2-0: Called Strike
2-1: Ball
3-1: Called Strike
3-2: Strikes out swinging
Batting: RHB Patrizio Vanali 0-0: Ball
1-0: Called Strike
1-1: Ball
2-1: Foul Ball, location: 2F
2-2: Foul Ball, location: 2F
2-2: Ground out 6-3 (Groundball, 6M)
Top of the 9th over - 0 run(s), 0 hit(s), 0 error(s), 0 left on base; Philadelphia 1776 4 - Montana 4
BOTTOM OF THE 9TH
Montana Pandas batting - Pitching for Philadelphia 1776 BC : LHP Carlos Sánchez
Pitching: RHP Brian Wheeler
Batting: RHB Dani Trejo 0-0: Fly out, F4 (Popup, 89S)
Pinch Hitting: RHB Pancho Salaedo 0-0: Called Strike
0-1: Fly out, F3 (Popup, 3SF)
Batting: RHB Emílio Ortíz 0-0: Called Strike
0-1: Ball
1-1: Foul Ball, location: 2F
1-2: Strikes out swinging
Bottom of the 9th over - 0 run(s), 0 hit(s), 0 error(s), 0 left on base; Philadelphia 1776 4 - Montana 4
TOP OF THE 10TH
Philadelphia 1776 BC batting - Pitching for Montana Pandas : RHP Yosuke Takahashi
Now at 2B: Pancho Salaedo
Batting: RHB Jesús Rodríguez 0-0: Ball
1-0: Called Strike
1-1: Fly out, F3 (Popup, 34S)
Batting: RHB António Granados 0-0: Swinging Strike
0-1: Ball
1-1: Ball
2-1: Foul Ball, location: 2F
2-2: Ball
3-2: DOUBLE (Line Drive, 3L)
Batting: RHB Russell Jackson 0-0: Ball
1-0: Fly out, F5 (Line Drive, 5S)
1-0: Fly out, F5 (Line Drive, 5S)
Batting: SHB Jesús Cabañe 0-0: Called Strike
0-1: Swinging Strike
0-2: Ball
1-2: Strikes out looking
Top of the 10th over - 0 run(s), 1 hit(s), 0 error(s), 1 left on base; Philadelphia 1776 4 - Montana 4
BOTTOM OF THE 10TH
Montana Pandas batting - Pitching for Philadelphia 1776 BC : RHP Brian Wheeler
Batting: RHB Jonathan Widdop 0-0: Ball
1-0: Ball
2-0: Foul Ball, location: 2F
2-1: Foul Ball, location: 2F
2-2: Strikes out swinging
Batting: RHB Ted Cook 0-0: Called Strike
0-1: Fly out, F9 (Flyball, 89D)
Batting: LHB Luis Velázquez 0-0: Foul Ball, location: 2F
0-1: Ball
1-1: Swinging Strike
1-2: Strikes out swinging
Bottom of the 10th over - 0 run(s), 0 hit(s), 0 error(s), 0 left on base; Philadelphia 1776 4 - Montana 4
TOP OF THE 11TH
Philadelphia 1776 BC batting - Pitching for Montana Pandas : RHP Yosuke Takahashi
Batting: RHB Dave Morris 0-0: SINGLE (Groundball, 6MD)
Batting: RHB Jesús Orozco 0-0: Ball
1-0: Sac Bunt - play at first, batter OUT! 1-4
Dave Morris to second
Batting: LHB Héctor Torres 0-0: Ball
1-0: Foul Ball, location: 2F
1-1: Foul Ball, location: 2F
1-2: Ball
2-2: Ball
3-2: Foul Ball, location: 2F
3-2: Fly out, F4 (Line Drive, 4)
Pitching: RHP Esteban Ruíz
Batting: LHB Cliff Aldridge 0-0: Called Strike
0-1: Foul Ball, location: 2F
0-2: Ground out 3-1 (Groundball, 34)
Top of the 11th over - 0 run(s), 1 hit(s), 0 error(s), 1 left on base; Philadelphia 1776 4 - Montana 4
BOTTOM OF THE 11TH
Montana Pandas batting - Pitching for Philadelphia 1776 BC : RHP Brian Wheeler
Batting: RHB Brent Ryan 0-0: Called Strike
0-1: Called Strike
0-2: Ball
1-2: Foul Ball, location: 2F
1-2: Hit by Pitch
Batting: LHB Christian Blair 0-0: Ball
1-0: Called Strike
1-1: Foul Ball, location: 2F
1-2: Foul Ball, location: 2F
1-2: Foul Ball, location: 2F
1-2: Grounds into double play, 1-6-3 (Groundball, 13)
Batting: LHB Mike Pace 0-0: Ball
1-0: Foul Ball, location: 2F
1-1: Swinging Strike
1-2: Ground out 4-3 (Groundball, 4)
Bottom of the 11th over - 0 run(s), 0 hit(s), 0 error(s), 0 left on base; Philadelphia 1776 4 - Montana 4
TOP OF THE 12TH
Philadelphia 1776 BC batting - Pitching for Montana Pandas : RHP Esteban Ruíz
Batting: RHB Patrizio Vanali 0-0: Ball
1-0: Ball
2-0: Ground out 6-3 (Groundball, 6)
Batting: RHB Jesús Rodríguez 0-0: Foul Ball, location: 2F
0-1: Fly out, F9 (Line Drive, 89M)
Batting: RHB António Granados 0-0: Ball
1-0: Swinging Strike
1-1: Ball
2-1: Ball
3-1: Foul Ball, location: 2F
3-2: Base on Balls
Batting: RHB Russell Jackson 0-0: Called Strike
0-1: Called Strike
0-2: Ball
1-2: Ground out 2-3 (Groundball, 2L)
Top of the 12th over - 0 run(s), 0 hit(s), 0 error(s), 1 left on base; Philadelphia 1776 4 - Montana 4
BOTTOM OF THE 12TH
Montana Pandas batting - Pitching for Philadelphia 1776 BC : RHP Brian Wheeler
Batting: RHB Dani Trejo 0-0: Reached on error, E6 (Groundball, 6)
Batting: RHB Pancho Salaedo 0-0: Intentional Walk
Batting: RHB Emílio Ortíz 0-0: Ball
1-0: Swinging Strike
1-1: Foul Ball, location: 2F
1-2: Ball
2-2: Ball
3-2: Base on Balls
Dani Trejo to third
Pancho Salaedo to second
Batting: RHB Jonathan Widdop 0-0: Grounds into fielders choice 6-2 (Groundball, 6)
Pancho Salaedo to third
Emílio Ortíz to second
Batting: RHB Ted Cook 0-0: Ball
1-0: Swinging Strike
1-1: Ball
2-1: Foul Ball, location: 2F
2-2: Foul Ball, location: 2F
2-2: Ball
3-2: Foul Ball, location: 2F
3-2: Base on Balls
Pancho Salaedo scores
Emílio Ortíz to third
Jonathan Widdop to second
This league is powered by Out of the Park Baseball, the baseball management simulation game for PC, Mac and Linux
Monday, October 3rd, 2016 - OOTP Baseball 16.9 Build 39